 Dungeon Crawl Stone Soup version 0.30-a0-137-gd8773701ce (webtiles) character file.

Game seed: 16111779232663357063

35 jimonade the Shooter (level 3, 0/24 HPs)
             Began as an Octopode Hunter on Sept 22, 2022.
             Slain by a jackal (3 damage)
             ... on level 2 of the Dungeon.
             The game lasted 00:02:01 (1030 turns).

jimonade the Shooter (Octopode Hunter)              Turns: 1030, Time: 00:02:02

Health: 0/24       AC:  1    Str: 10    XL:     3   Next: 35%
Magic:  3/3        EV: 13    Int: 11    God:
Gold:   43         SH:  0    Dex: 17    Spells: 2/2 levels left

rFire   . . .      SeeInvis .    a - +0 shortbow
rCold   . . .      Faith    .    (shield currently unavailable)
rNeg    . . .      Spirit   .    (helmet restricted)
rPois   .          Reflect  .    (no amulet)
rElec   .          Harm     .    (no ring)
rCorr   .          Rampage  .    (no ring)
Will    .....                    (no ring)
Stlth   +++.......               (no ring)
HPRegen 0.08/turn                (no ring)
MPRegen 0.08/turn                (no ring)
                                 (no ring)
                                 (no ring)

@: no status effects
A: almost no armour, amphibious, 8 rings, camouflage 1, gelatinous body 1,
(nimble swimmer 1), tentacles
a: no special abilities


You were on level 2 of the Dungeon.
You visited 1 branch of the dungeon, and saw 2 of its levels.

You collected 43 gold pieces.

Inventory:

Hand Weapons
 a - a +0 shortbow (weapon)
 f - a +0 sling
Missiles
 h - 4 atropa-tipped darts
 k - 5 poisoned darts
Armour
 e - a +0 kite shield
Scrolls
 b - a scroll of immolation
 d - a scroll of amnesia {unknown}
 i - a scroll of enchant weapon {unknown}
 j - a scroll of identify {unknown}
Potions
 c - a potion of resistance {unknown}
 g - a potion of might {unknown}
 l - 2 potions of haste {unknown}


   Skills:
 - Level 2.0 Fighting
 + Level 5.1 Ranged Weapons
 - Level 2.0 Dodging
 - Level 1.3 Stealth


You had 2 spell levels left.
You didn't know any spells.
Your spell library was empty.

Dungeon Overview and Level Annotations

Branches:
Dungeon (2/15)

Altars:


Innate Abilities, Weirdness & Mutations

You cannot wear most types of armour.
You are amphibious.
You can wear up to eight rings at the same time.
Your skin changes colour to match your surroundings (Stealth+).
Your rubbery body absorbs attacks. (AC +1, EV +1)
((You are camouflaged when in or above water. (Stealth+)))
You have tentacles for arms and can constrict up to eight enemies at once.


Message History

The jackal bites you but does no damage.
The jackal bites you. The jackal completely misses you.
You shoot an arrow. The arrow barely misses the jackal.
A jackal comes into view.
The jackal bites you. The jackal closely misses you. The jackal bites you.
The jackal closely misses you.
You shoot an arrow. The arrow hits the jackal.
The jackal is moderately wounded.
You shoot an arrow.
The arrow hits the jackal but does no damage.
The jackal is moderately wounded.
The jackal bites you. The jackal closely misses you.
The jackal barely misses you.
You shoot an arrow. The arrow hits the jackal!
You kill the jackal!
The jackal bites you. The jackal completely misses you.
The jackal barely misses you.
You shoot an arrow. The arrow hits the jackal.
The jackal is severely wounded.
The jackal bites you. x3
* * * LOW HITPOINT WARNING * * *
The jackal closely misses you.
You are too injured to fight recklessly!
You are too injured to fight recklessly!
You are too injured to fight recklessly!
Fire: a) +0 shortbow
Press: ? - help, Q - select action, (/) - cycle Shift-Dir - straight line, f/p - jackal
Aim: a jackal (severely wounded, 56% to hit)
You shoot an arrow. The arrow hits the jackal.
You kill the jackal!
The jackal bites you.
* * * LOW HITPOINT WARNING * * *
The jackal bites you.
* * * LOW HITPOINT WARNING * * *
Fire: a) +0 shortbow
Press: ? - help, Q - select action, (/) - cycle Shift-Dir - straight line, f - jackal
Aim: a jackal (56% to hit)
You shoot an arrow. The arrow barely misses the jackal.
The jackal bites you.
You die...

.## .# .. .. ..# ...
.. ...# ###.#
.##...# .... >......
##.#####.†.....
#....<#.h....#
#####.....@#
#..........#
#..........+
.####..........###.
...................#
#####..........#####
#..........#
#..........#
#..........#


You could see a jackal.

Vanquished Creatures
  A dart slug (D:1)
  3 ball pythons (D:1)
  2 endoplasms
  A giant cockroach (D:1)
  3 goblins
  3 hobgoblins (D:1)
  3 jackals (D:2)
  3 kobolds (D:1)
  2 quokkas (D:1)
  4 bats (D:1)
  A frilled lizard (D:2)
  3 rats (D:1)
  2 butterflies (D:1)
31 creatures vanquished.

Notes
Turn   | Place    | Note
-------+----------+-------------------------------------------
     0 | D:1      | jimonade the Octopode Hunter began the quest for the Orb.
     0 | D:1      | Reached XP level 1. HP: 14/14 MP: 1/1
    79 | D:1      | Reached XP level 2. HP: 19/19 MP: 2/2
   330 | D:1      | Found a faded altar of an unknown god.
   676 | D:1      | Reached XP level 3. HP: 24/24 MP: 3/3
   997 | D:2      | Reached skill level 5 in Ranged Weapons
  1030 | D:2      | Slain by a jackal

Illustrated notes

Levels and vault maps discovered:
D:1:      spicycebolla_arrival_clurvy, layout_loops_ring,
          ebering_ecumenical_altar_webs
D:2:      layout_basic, minmay_misc_feat_enclosed, kennysheep_generic_room_10

Skill      XL: |  1  2  3 |
---------------+----------+-----
Ranged Weapons | 5 |  5.1
Fighting       | |  2.0
Dodging        | |  2.0
Stealth        | |  1.3

Action                   || total
-------------------------++-------
 Fire: Shortbow          ||    91
Armor: Skin              ||     3
Dodge: Dodged            ||    31

Table legend: (Time is in decaauts)
 A = Elapsed time spent in this place.
 B = Non-inter-level travel time spent in this place.
 C = Inter-level travel time spent in this place.
 D = Time resting spent in this place.
 E = Time spent auto-exploring this place.
 F = Levels seen in this place.
 G = Mean time per level.
                   A        B        C        D        E       F      G
               +--------+--------+--------+--------+--------+-----+--------+
         Total |   1053 |    996 |     57 |      0 |    806 |   2 |  526.5 |
       Dungeon |   1053 |    996 |     57 |      0 |    806 |   2 |  526.5 |
               +--------+--------+--------+--------+--------+-----+--------+

Top non-repeatable levels by time:
     D:1: 1009 daAuts
     D:2: 44 daAuts
